 Dungeon Crawl Stone Soup version 0.21.1-1-g345015f (webtiles) character file.

214444 inmateoo the Stickfighter (level 19, -2/152 HPs)
             Began as a Formicid Fighter on Feb 7, 2018.
             Was the Champion of Ashenzari.
             Hit by a javelin of penetration thrown by a merfolk javelineer (14 damage)
             ... on level 4 of the Shoals on Feb 8, 2018.
             The game lasted 01:03:50 (34940 turns).

inmateoo the Stickfighter (Formicid Fighter)       Turns: 34940, Time: 01:03:51

Health: -2/152     AC: 22    Str: 28    XL:     19   Next: 71%
Magic:  30/30      EV: 14    Int: 12    God:    Ashenzari [******]
Gold:   2897       SH: 22    Dex: 10    Spells: 13/33 levels left

rFire    . . .     SeeInvis +   T - +9 demon trident (elec) (curse)
rCold    . . .     Gourm    .   I - +0 large shield (curse)
rNeg     . . .     Faith    .   K - +1 chain mail "Kefel" {rCorr Int+3} (curse)
rPois    +         Spirit   .   (helmet unavailable)
rElec    .         Reflect  .   h - +1 cloak (curse)
rCorr    +         Harm     .   F - +0 pair of gloves {archery} (curse)
MR       ++...     Clarity  +   z - +0 pair of boots (curse)
Stlth    ..........             x - amulet of regeneration (curse)
HPRegen  0.75/turn              u - ring of the Barracuda {rPois Slay+2 SInv Stlth+} (curse)
MPRegen  0.22/turn              l - ring of protection from magic (curse)

@: studying Hexes
A: permanent stasis, dig shafts and tunnels, four strong arms, antennae 3
}: 1/15 runes: gossamer
a: Dig, Shaft Self, Curse Item, Scrying, Transfer Knowledge, Renounce Religion


You were on level 4 of the Shoals.
You worshipped Ashenzari.
Ashenzari was exalted by your worship.
You were not hungry.

You visited 5 branches of the dungeon, and saw 31 of its levels.
You also visited: Labyrinth and Ice Cave.

You collected 4075 gold pieces.
You spent 1178 gold pieces at shops.

Inventory:

Hand Weapons
 T - a cursed +9 demon trident of electrocution (weapon)
Armour
 h - a cursed +1 cloak (worn)
 z - a cursed +0 pair of boots (worn)
 F - a cursed +0 pair of gloves of archery (worn)
 I - a cursed +0 large shield (worn)
 K - the cursed +1 chain mail "Kefel" (worn) {rCorr Int+3}
   (You found it in a labyrinth)

   It affects your intelligence (+3).
   It protects you from acid and corrosion.
   It has a curse placed upon it.
Jewellery
 l - a cursed ring of protection from magic (right hand)
 t - an uncursed ring of positive energy
 u - the cursed ring of the Barracuda (left hand) {rPois Slay+2 SInv Stlth+}
   (You bought it in a shop on level 6 of the Dungeon)

   [ring of poison resistance]

   It affects your accuracy and damage with ranged weapons and melee attacks
   (+2).
   It protects you from poison.
   It lets you see invisible.
   It makes you more stealthy.
   It has a curse placed upon it.
 x - a cursed amulet of regeneration (around neck)
 N - an uncursed ring of protection from cold
 P - a +3 ring of slaying
Wands
 b - a wand of flame (67)
 c - a wand of polymorph (9)
 r - a wand of digging (27)
 E - a wand of acid (14)
 G - a wand of iceblast (29)
 J - a wand of random effects (103)
 M - a wand of paralysis (48)
 S - a wand of disintegration (15)
Scrolls
 a - 6 scrolls of magic mapping
 e - 2 scrolls of enchant weapon
 k - 12 scrolls of identify
 o - 4 scrolls of fog
 w - 7 scrolls of remove curse
 y - 7 scrolls of fear
 B - a scroll of brand weapon
 C - 4 scrolls of amnesia
 O - 3 scrolls of enchant armour
Potions
 d - 7 potions of might
 g - 7 potions of ambrosia
 i - a potion of lignification
 j - 5 potions of flight
 m - 4 potions of brilliance
 n - a potion of cancellation
 p - 9 potions of curing
 s - a potion of mutation
 v - a potion of agility
 A - a potion of heal wounds
 L - 2 potions of magic
Books
 D - a book of Air

   Spells                             Type                      Level
   a - Shock                          Conjuration/Air              1
   b - Swiftness                      Charms/Air                   2
   c - Static Discharge               Conjuration/Air              3
   d - Airstrike                      Air                          4
   e - Lightning Bolt                 Conjuration/Air              5
 H - a manual of Hexes
Miscellaneous
 Q - a lamp of fire
Comestibles
 f - 51 rations


   Skills:
 + Level 14.2 Fighting
 * Level 9.6(16.6) Polearms
   Level 15.5(16.4) Staves
 + Level 14.2(19.5) Armour
 + Level 11.6 Dodging
 + Level 15.3(17.9) Shields
 * Level 7.7 Spellcasting
 + Level 1.3(4.1) Transmutations
 * Level 12.5(16.6) Earth Magic


You had 13 spell levels left.
You knew the following spells:

 Your Spells              Type           Power        Failure   Level  Hunger
a - Apportation           Tloc           #.....       32%         1    None
b - Lee's Rapid Deconstr  Erth           #####.....   1%          5    ######.
c - Statue Form           Tmut/Erth      ####.....    67%         6    #######
d - Passwall              Tmut/Erth      ####......   1%          2    #......
e - Deflect Missiles      Chrm/Air       #.........   100%        6    #######


Dungeon Overview and Level Annotations

Branches:
Dungeon (15/15)            Temple (0/1) D:7            Lair (6/6) D:8
 Shoals (4/4) Lair:4       Spider (4/4) Lair:4        Slime (0/5) Lair:5
    Orc (2/2) D:11            Elf (0/3) Orc:2        Vaults (0/5) D:14
 Depths (0/5) D:15

Altars:
Ashenzari
Cheibriados
Dithmenos
Elyvilon
Hepliaklqana
Makhleb
Okawaru
Qazlal
Ru
Sif Muna
Vehumet
Wu Jian
Xom
Yredelemnul
The Shining One

Shops:
D:6 =   D:10 ?   D:12 *   Orc:2 %[}=   Shoals:1 :   Shoals:4 *

Portals:
Trove: D:11 (give +5 ice dragon scales)

Annotations:
D:5 exclusion: door


Innate Abilities, Weirdness & Mutations

You cannot be hasted, slowed, berserked, paralysed or teleported.
You can dig through walls and to a lower floor.
Your four strong arms can wield two-handed weapons with a shield.
You have a pair of large antennae on your head. (SInv)


Message History

Unknown command.
You barely miss the merfolk javelineer.
The merfolk javelineer is moderately wounded.
You block the merfolk's attack.
The water elemental moves out of view.
Unknown command.
You feel better.
The merfolk javelineer throws a javelin of penetration.
The javelin of penetration pierces through you but does no damage.
You block the merfolk's attack.
You impale the merfolk javelineer!!
Lightning courses through the merfolk javelineer!
The merfolk javelineer is severely wounded.
The merfolk javelineer throws a javelin of penetration.
The javelin of penetration pierces through you!!
* * * LOW HITPOINT WARNING * * *
You hear a splash.
You feel better. You block the merfolk's attack.
The merfolk javelineer throws a javelin of penetration.
The javelin of penetration pierces through you!
You die...

*≈∆#≈.≈≈≈≈........≈≈≈≈ ≈ ≈ ≈≈
#####..≈.....≈≈..≈≈≈≈≈≈≈≈ ≈≈
##≈≈##...≈..^.≈##≈###≈ ≈≈≈≈ ≈*
≈≈≈≈≈##..≈≈....####### ≈ ≈*
#≈#≈≈##..≈≈≈.##..#≈≈≈## ≈≈≈≈≈≈*
≈)≈m≈##..≈≈..≈#...≈≈≈≈#*≈≈≈≈≈≈*
#)#≈##≈.(...((##.#≈#≈##≈≈≈≈≈≈≈
≈m{{≈##......#m)m†≈≈≈## ≈≈≈≈≈≈
###.#m.......{##@#≈#÷.#*≈≈≈≈≈≈*
####m.m.......#()≈≈)(≈##≈≈≈≈≈≈
##≈#.........≈##(≈#≈≈(#..≈≈≈≈≈*
...............#######≈≈≈≈≈≈≈≈*
............≈≈{###≈.##≈≈≈≈≈≈≈≈
∩..........≈≈≈≈≈≈≈≈≈...≈≈≈≈≈≈≈
..........≈≈≈≈≈≈≈.≈.≈≈≈≈≈≈≈≈≈≈
).......≈≈≈≈≈≈≈≈≈.....≈≈≈≈≈≈≈≈
......≈≈≈≈≈≈≈≈≈.{.......≈≈≈≈≈≈*


You could see a merfolk javelineer and a merfolk.

Vanquished Creatures
  Polyphemus (Shoals:3)
  Ilsuiw (Shoals:3)
  A frost giant (IceCv)
  5 emperor scorpions (Spider:4)
  3 ghost moths (Spider:4)
  Louise (Spider:2)
  3 spark wasps
  A minotaur (Lab)
  2 merfolk javelineers (Shoals:2)
  A quicksilver dragon zombie (D:15)
  2 fire dragons
  Erolcha (Orc:2)
  4 ogre magi (Orc:2)
  3 merfolk impalers
  Harold (D:11)
  3 merfolk avatars
  7 hydras
  Erica (D:9)
  2 centaur warriors
  A catoblepas (Shoals:3)
  18 two-headed ogres
  2 dancing weapons (D:14)
  An alligator snapping turtle (Shoals:2)
  4 merfolk aquamancers
  2 satyrs
  20 death yaks
  Urug (D:15)
  A vampire mage (D:14)
  The ghost of p0werm0de the Fighter, a novice VSCK of Ashenzari (D:9)
  7 skeletal warriors
  4 unseen horrors
  11 sea snakes
  Pikel (D:7)
  9 harpies
  A necromancer (D:15)
  A lindwurm (Lair:4)
  16 orb spiders
  A tengu zombie (D:15)
  25 wolf spiders
  An orc sorcerer (Orc:2)
  2 deep elf magi
  7 elephants
  6 cyclopes
  10 ugly things
  13 fauns
  4 oklob plants (Lair:1)
  9 manticores
  4 merfolk sirens (Shoals:3)
  6 black mambas
  A fire giant skeleton (D:15)
  3 water nymphs
  5 moths of wrath
  Maurice (D:9)
  A torpor snail (Lair:5)
  16 spiny frogs
  16 rime drakes
  2 centaur skeletons (D:15)
  2 efreet (D:15)
  16 demonic crawlers
  7 komodo dragons
  2 ice devils (Orc:1)
  4 kobold demonologists (D:14)
  19 merfolk
  46 jumping spiders
  5 trolls
  19 polar bears
  3 meliai (Spider:3)
  5 wind drakes
  A tengu conjurer (D:15)
  13 blink frogs
  8 hippogriffs
  Prince Ribbit (D:6)
  6 hornets
  An ice dragon zombie (D:15)
  11 snapping turtles
  7 dream sheep
  A harpy skeleton (D:15)
  2 slime creatures (Lair:5)
  A vampire (D:13)
  25 tarantellas
  62 redbacks
  10 water elementals
  45 yaks
  2 hungry ghosts
  16 wyverns
  A wraith (D:13)
  5 basilisks
  9 steam dragons (Lair:4)
  2 vampire mosquitoes (D:15)
  5 wargs
  An acid dragon (D:13)
  13 water moccasins
  Duvessa (D:6)
  5 porcupines
  14 orc warriors
  5 sky beasts
  2 necrophages
  6 ice beasts
  A slave (D:7)
  A black bear (shapeshifter) (D:15)
  4 boggarts (D:14)
  4 phantoms
  20 centaurs
  36 ogres
  21 wolves
  15 crocodiles
  A big kobold (D:14)
  17 bullfrogs
  4 earth elementals (Spider:4)
  A gnoll sergeant (D:11)
  2 scorpions (D:13)
  A wyvern skeleton (D:8)
  Dowan (D:6)
  13 killer bees
  A water moccasin skeleton (D:9)
  13 wights
  9 electric eels
  2 howler monkeys
  4 centaur zombies
  8 crimson imps
  A quasit (D:8)
  3 bullfrog zombies
  A gnoll shaman (D:8)
  19 orc priests
  7 hounds
  5 jellies
  24 orc wizards
  3 iguanas
  Ijyb (D:5)
  14 worker ants
  2 hound zombies (D:5)
  2 hound skeletons
  Robin (D:4)
  12 gnolls
  8 adders
  A howler monkey skeleton (D:8)
  3 shadow imps
  An adder zombie (D:8)
  An ooze (D:3)
  An adder skeleton (D:5)
  2 worms
  4 dart slugs
  8 leopard geckos
  101 orcs
  3 giant cockroaches
  11 goblins
  2 hobgoblins
  15 jackals
  14 kobolds
  5 quokkas
  4 bats
  5 frilled lizards
  3 quokka zombies
  9 rats
  A fungus (D:10)
  A plant (Shoals:1)
1163 creatures vanquished.

Vanquished Creatures (collateral kills)
  A demonic crawler (Spider:3)
1 creature vanquished.

Vanquished Creatures (others)
  16 fungi
  36 plants
52 creatures vanquished.

Grand Total: 1216 creatures vanquished

Notes
Turn   | Place    | Note
-------+----------+-------------------------------------------
     0 | D:1      | inmateoo the Formicid Fighter began the quest for the Orb.
     0 | D:1      | Reached XP level 1. HP: 18/18 MP: 1/1
    41 | D:1      | Reached XP level 2. HP: 22/24 MP: 2/2
   413 | D:1      | Reached XP level 3. HP: 29/29 MP: 3/3
   737 | D:1      | You fall through a shaft!
   738 | D:2      | Found a white marble altar of Elyvilon.
  1027 | D:2      | Reached XP level 4. HP: 34/37 MP: 4/4
  1700 | D:3      | Identified Sif Muna's Grimoire of Slavery
  1703 | D:3      | Reached XP level 5. HP: 23/42 MP: 5/5
  2181 | D:3      | Found a shattered altar of Ashenzari.
  2228 | D:3      | Became a worshipper of Ashenzari the Shackled
  2481 | D:3      | Found a deep blue altar of Sif Muna.
  2554 | D:4      | Noticed an ice beast
  2575 | D:4      | Killed an ice beast
  2575 | D:4      | Reached XP level 6. HP: 12/49 MP: 6/6
  2907 | D:4      | Reached skill level 5 in Shields
  2978 | D:4      | Noticed an ogre
  2987 | D:4      | Killed an ogre
  2987 | D:4      | Reached XP level 7. HP: 55/55 MP: 7/7
  3053 | D:4      | Noticed a two-headed ogre
  3208 | D:5      | Entered Level 5 of the Dungeon
  3240 | D:5      | Reached skill level 5 in Staves
  3322 | D:5      | Noticed Ijyb
  3353 | D:5      | Killed Ijyb
  3353 | D:5      | Reached skill level 5 in Armour
  3429 | D:5      | Reached skill level 5 in Fighting
  3539 | D:5      | Reached XP level 8. HP: 62/62 MP: 8/8
  3576 | D:5      | Reached skill level 1 in Dodging
  4714 | D:6      | Reached XP level 9. HP: 59/69 MP: 9/9
  5044 | D:6      | Noticed Duvessa
  5045 | D:6      | Noticed Dowan
  5065 | D:6      | Killed Duvessa
  5085 | D:6      | Killed Dowan
  5703 | D:6      | Found Davin's Jewellery Boutique.
  5970 | D:6      | Found a stormy altar of Qazlal.
  6018 | D:6      | Noticed Prince Ribbit
  6030 | D:6      | Killed Prince Ribbit
  6219 | D:7      | Reached * piety under Ashenzari
  6282 | D:7      | Found a glowing golden altar of the Shining One.
  6363 | D:7      | Found a burning altar of Makhleb.
  6381 | D:7      | Found a basalt altar of Yredelemnul.
  6428 | D:7      | Found a staircase to the Ecumenical Temple.
  6539 | D:7      | Reached XP level 10. HP: 71/77 MP: 10/10
  6650 | D:7      | Noticed Pikel
  6676 | D:7      | Killed Pikel
  6930 | D:7      | Found an ornate altar of the Wu Jian Council.
  6930 | D:7      | Found a snail-covered altar of Cheibriados.
  7320 | D:4      | Noticed Robin
  7335 | D:4      | Killed Robin
  7362 | D:4      | Found a radiant altar of Vehumet.
  7501 | D:8      | Noticed a death yak
  7641 | D:7      | Killed a death yak
  7800 | D:8      | Noticed a death yak
  7800 | D:8      | Noticed a death yak
  7801 | D:8      | Noticed a death yak
  7801 | D:8      | Noticed a death yak
  7802 | D:8      | Noticed a death yak
  7802 | D:8      | Noticed a death yak
  7808 | D:8      | Noticed a death yak
  7811 | D:8      | Killed a death yak
  7812 | D:8      | Killed a death yak
  7812 | D:8      | Reached XP level 11. HP: 52/86 MP: 11/11
  7813 | D:8      | Killed a death yak
  7813 | D:8      | Reached skill level 5 in Dodging
  8152 | D:8      | Reached skill level 10 in Staves
  8248 | D:8      | Noticed a two-headed ogre
  8256 | D:8      | Killed a two-headed ogre
  8413 | D:8      | Found a staircase to the Lair.
  8437 | Lair:1   | Entered Level 1 of the Lair of Beasts
  8900 | Lair:1   | Noticed an oklob plant
  8900 | Lair:1   | Noticed an oklob plant
  9416 | Lair:1   | Noticed an oklob plant
  9416 | Lair:1   | Noticed an oklob plant
  9572 | Lair:1   | Killed an oklob plant
  9661 | Lair:1   | Killed an oklob plant
  9661 | Lair:1   | Reached XP level 12. HP: 83/95 MP: 12/12
  9805 | Lair:2   | Reached ** piety under Ashenzari
  9836 | Lair:2   | Noticed a five-headed hydra
  9850 | Lair:2   | Killed a five-headed hydra
  9850 | Lair:2   | Reached skill level 10 in Shields
 12166 | Lair:3   | Reached skill level 10 in Armour
 12484 | Lair:4   | Reached *** piety under Ashenzari
 12496 | Lair:4   | Reached skill level 10 in Fighting
 12509 | Lair:3   | Reached XP level 13. HP: 79/103 MP: 13/13
 13258 | Lair:4   | Found a staircase to the Shoals.
 13934 | Lair:4   | Learned a level 1 spell: Apportation
 13954 | Lair:4   | Noticed a fire dragon
 13982 | Lair:4   | Killed a fire dragon
 14420 | Lair:4   | Found a hole to the Spider Nest.
 15029 | Lair:5   | Reached XP level 14. HP: 85/111 MP: 14/14
 15632 | Lair:5   | Found a staircase to the Slime Pits.
 15927 | Lair:6   | Entered Level 6 of the Lair of Beasts
 15927 | Lair:6   | Found a labyrinth entrance.
 16034 | Lab      | Entered a labyrinth
 16367 | Lab      | Got the cursed chain mail "Kefel" {rCorr Int+3}
 16379 | Lab      | Identified the cursed +1 chain mail "Kefel" {rCorr Int+3} (You found it in a labyrinth)
 17159 | D:6      | Bought the ring of the Barracuda {rPois Slay+2 SInv Stlth+} for 551 gold pieces
 18249 | Lair:6   | Reached XP level 15. HP: 68/120 MP: 15/15
 18402 | Lair:6   | Reached **** piety under Ashenzari
 19257 | D:9      | Found a sacrificial altar of Ru.
 19257 | D:9      | Noticed Erica
 19258 | D:9      | Noticed p0werm0de's ghost (novice VSCK)
 19276 | D:9      | Killed Erica
 19290 | D:9      | Killed p0werm0de's ghost
 19451 | D:9      | Found a shadowy altar of Dithmenos.
 19516 | D:9      | Noticed Maurice
 19545 | D:9      | Killed Maurice
 19639 | D:9      | Found a shimmering altar of Xom.
 19640 | D:9      | Found a hazy altar of Hepliaklqana.
 19653 | D:10     | Entered Level 10 of the Dungeon
 20085 | D:10     | Found Duost's Magic Scroll Shop.
 20411 | D:11     | Noticed Harold
 20412 | D:11     | Reached ***** piety under Ashenzari
 20435 | D:11     | Killed Harold
 20449 | D:11     | Found a portal to a secret trove of treasure.
 20730 | D:11     | Found a staircase to the Orcish Mines.
 20927 | D:11     | Reached skill level 15 in Staves
 20941 | D:11     | Learned a level 5 spell: Lee's Rapid Deconstruction
 20948 | D:11     | Learned a level 6 spell: Statue Form
 20951 | D:11     | Learned a level 2 spell: Passwall
 21209 | D:12     | Found Hana's General Store.
 21426 | D:12     | Reached skill level 1 in Earth Magic
 22029 | D:13     | Reached skill level 1 in Spellcasting
 22690 | D:13     | Noticed Sonja
 22692 | D:13     | Noticed Sonja
 22692 | D:13     | Sonja changed into Sonja the troll
 22701 | D:13     | Killed Sonja the troll
 22978 | D:14     | Found a gate to the Vaults.
 23129 | D:14     | Reached XP level 16. HP: 108/129 MP: 19/19
 23593 | D:14     | Found an iron altar of Okawaru.
 23658 | D:15     | Entered Level 15 of the Dungeon
 23899 | D:15     | Reached skill level 10 in Dodging
 23990 | D:15     | Reached skill level 5 in Earth Magic
 24217 | D:15     | Noticed Urug
 24263 | D:15     | Killed Urug
 24419 | D:15     | Found a stormy altar of Qazlal.
 24621 | D:15     | Found a staircase to the Depths.
 24722 | D:15     | Reached skill level 1 in Polearms
 25084 | Orc:1    | Entered Level 1 of the Orcish Mines
 25100 | Orc:1    | Reached ****** piety under Ashenzari
 25130 | Orc:1    | Found a frozen archway.
 25151 | IceCv    | Entered an ice cave
 25494 | IceCv    | Learned a level 6 spell: Deflect Missiles
 25582 | IceCv    | Noticed a frost giant
 25611 | IceCv    | Killed a frost giant
 25644 | IceCv    | Identified the +5 ring mail "Esuh" {rN++}
 26136 | Orc:2    | Entered Level 2 of the Orcish Mines
 26252 | Orc:2    | Noticed Erolcha
 26259 | Orc:2    | Killed Erolcha
 26304 | Orc:2    | Reached XP level 17. HP: 112/136 MP: 23/23
 26704 | Orc:2    | Found Hyxuokev's Food Shoppe.
 26704 | Orc:2    | Found Taqahosa's Antique Armour Boutique.
 26705 | Orc:2    | Found Wautal's Gadget Boutique.
 26705 | Orc:2    | Found Izuntek's Jewellery Emporium.
 26733 | Orc:2    | Bought a bloodstained chain mail for 304 gold pieces
 26733 | Orc:2    | Identified the +8 chain mail of Starshine {Str+3} (You bought it in a shop on level 2 of the Orcish Mines)
 26858 | Orc:2    | Found a staircase to the Elven Halls.
 27401 | Spider:1 | Entered Level 1 of the Spider Nest
 27509 | Spider:1 | Reached skill level 5 in Polearms
 27727 | Spider:1 | Reached skill level 5 in Spellcasting
 28346 | Spider:2 | Noticed Louise
 28359 | Spider:2 | Killed Louise
 28860 | Spider:3 | HP: 5/137 [jumping spider (16)]
 29508 | Spider:4 | Entered Level 4 of the Spider Nest
 29537 | Spider:4 | Reached XP level 18. HP: 113/144 MP: 26/26
 29679 | Spider:4 | Reached skill level 10 in Earth Magic
 29744 | Spider:4 | Identified the Handbook of the Doomed Glacier
 31181 | Spider:4 | Got a gossamer rune of Zot
 31356 | Shoals:1 | Entered Level 1 of the Shoals
 31840 | Shoals:1 | Reached skill level 15 in Shields
 31867 | Shoals:1 | Found Henlau's Book Shoppe.
 32241 | Shoals:2 | Reached XP level 19. HP: 142/151 MP: 29/29
 33343 | Shoals:3 | Noticed Ilsuiw
 33908 | Shoals:3 | Killed Ilsuiw
 34082 | Shoals:3 | Noticed Polyphemus
 34128 | Shoals:3 | Killed Polyphemus
 34606 | Shoals:4 | Entered Level 4 of the Shoals
 34715 | Shoals:4 | Found Reuseppi's Assorted Antiques.
 34718 | Shoals:4 | Reached skill level 1 in Transmutations
 34739 | Shoals:4 | Bought a scroll of identify for 76 gold pieces
 34739 | Shoals:4 | Bought a scroll of magic mapping for 133 gold pieces
 34739 | Shoals:4 | Bought a potion of curing for 114 gold pieces
 34939 | Shoals:4 | HP: 5/152 [merfolk javelineer/javelin of penetration (21)]
 34940 | Shoals:4 | Hit by a javelin of penetration thrown by a merfolk javelineer

Skill      XL: |  1  2  3  4  5  6  7  8  9 10 11 12 13 14 15 16 17 18 19 |
---------------+----------------------------------------------------------+-----
Shields        | 4 5 6 7 8 9 10 11 12 13 14 15 | 15.3
Staves         | 3 4 5 6 8 9 10 12 13 14 15 | 15.5
Armour         | 4 5 6 7 9 10 11 12 13 14 | 14.2
Fighting       | 4 5 6 7 9 10 11 12 13 14 | 14.2
Dodging        | 2 3 4 6 7 8 9 10 11 | 11.6
Earth Magic    | 4 7 9 11 12 | 12.5
Spellcasting   | 2 4 5 6 7 |  7.7
Polearms       | 3 6 8 9 |  9.6
Transmutations | 1 |  1.3

Action                   |  1- 3 |  4- 6 |  7- 9 | 10-12 | 13-15 | 16-18 | 19-21 || total
-------------------------+-------+-------+-------+-------+-------+-------+-------++-------
Melee: Quarterstaff      |    91 |   176 |   402 |    38 |       |       |       ||   707
       Whip              |       |       |       |   782 |  1902 |   288 |       ||  2972
       Demon trident     |       |       |       |       |       |  1675 |   543 ||  2218
Invok: Scrying           |       |       |       |       |     1 |       |       ||     1
       Curse Item        |       |       |       |       |     1 |     6 |     1 ||     8
 Abil: Dig               |       |     1 |    15 |    17 |    25 |    35 |     4 ||    97
Evoke: Wand              |       |       |     8 |    23 |    21 |     1 |       ||    53
       Phantom mirror    |       |       |       |       |       |     2 |       ||     2
  Use: Potion            |       |     1 |       |     2 |     7 |     9 |     2 ||    21
       Scroll            |       |    10 |     4 |     6 |     4 |    13 |     1 ||    38
 Stab: Distracted        |       |       |       |       |       |     2 |       ||     2
       Petrified         |       |       |       |       |       |       |     7 ||     7
  Eat: Chunk             |       |     7 |    17 |    16 |    28 |    11 |     1 ||    80
       Ration            |       |       |       |     2 |     3 |     8 |     3 ||    16
Armor: Scale mail        |    34 |    34 |       |       |       |       |       ||    68
       Chain mail        |       |    57 |   120 |   193 |   353 |   358 |   122 ||  1203
       Skin              |       |       |       |       |    13 |       |       ||    13
Dodge: Dodged            |    29 |    30 |    84 |   200 |   422 |   412 |    96 ||  1273
Block: Shield            |    47 |    81 |   176 |   338 |   507 |       |       ||  1149
       Large shield      |       |       |       |       |   525 |  1547 |   379 ||  2451
